 Dungeon Crawl Stone Soup version 0.23.2 (webtiles) character file.

Game seed: 3300864379149703133

609 KOK29364 the Gusty (level 7, -2/51 HPs)
             Began as a Purple Draconian Air Elementalist on Apr 9, 2019.
             Was a Follower of Sif Muna.
             Killed by their own static electricity (3 damage)
             ... on level 4 of the Dungeon on Apr 10, 2019.
             The game lasted 00:20:55 (4940 turns).

KOK29364 the Gusty (DrAE)                           Turns: 4940, Time: 00:20:56

Health: -2/51      AC:  6    Str: 11    XL:     7   Next: 19%
Magic:  1/14       EV: 13    Int: 16    God:    Sif Muna [*.....]
Gold:   151        SH:  0    Dex: 12    Spells: 9/15 levels left

rFire    x . .     SeeInvis .   q - +2 dagger (venom)
rCold    + . .     Gourm    .   (no shield)
rNeg     . . .     Faith    +   (armour unavailable)
rPois    .         Spirit   .   (helmet restricted)
rElec    .         Reflect  .   (no cloak)
rCorr    .         Harm     .   (no gloves)
MR       +....                  (no boots)
Stlth    ++........             r - amulet of faith
HPRegen  0.17/turn              p - ring of ice
MPRegen  0.14/turn              (no ring)

@: no status effects
A: breathe power, unfitting armour, cold-blooded, AC +6
a: Breathe Dispelling Energy, Divine Energy, Renounce Religion


You were on level 4 of the Dungeon.
You worshipped Sif Muna.
Sif Muna was aware of your devotion.
You were very hungry.

You visited 1 branch of the dungeon, and saw 4 of its levels.

You collected 151 gold pieces.

Inventory:

Hand Weapons
 a - a +0 short sword
 g - a +0 shortbow
 q - a +2 dagger of venom (weapon)
Missiles
 j - 65 arrows
 n - 202 stones (quivered)
 v - 22 bolts
Jewellery
 p - a ring of ice (left hand)
 r - an amulet of faith (around neck)
 u - a cursed ring of protection from cold
Scrolls
 h - a scroll of immolation
 l - 3 scrolls of remove curse
 o - 4 scrolls of teleportation
Potions
 c - a potion of curing
 d - 2 potions of might
 e - a potion of agility {unknown}
 f - a potion of invisibility {unknown}
 i - a potion of heal wounds
 k - a potion of degeneration {unknown}
 m - a potion of haste {unknown}
 s - a potion of mutation {unknown}
 t - a potion of resistance {unknown}
Comestibles
 b - 12 rations


   Skills:
 + Level 0.7 Fighting
 + Level 2.0 Short Blades
 + Level 2.8 Dodging
 + Level 2.5 Stealth
 + Level 4.9 Spellcasting
 + Level 3.2 Conjurations
 + Level 5.1 Air Magic


You had 9 spell levels left.
You knew the following spells:

 Your Spells              Type           Power        Failure   Level  Hunger
a - Shock                 Conj/Air       ###.         2%          1    None
b - Swiftness             Chrm/Air       ##......     9%          2    ##.....
c - Static Discharge      Conj/Air       ###.....     9%          3    ###....

Your spell library contained the following spells:

 Spells                   Type           Power        Failure   Level  Hunger
 Airstrike                Air            ###.......   19%         4    ####...
 Lightning Bolt           Conj/Air       ###.......   58%         5    ######.


Dungeon Overview and Level Annotations

Branches:
Dungeon (4/15)
 Temple: D:4-7

Altars:
Cheibriados
Ru
Sif Muna

Annotations:
D:2 1 runed translucent door, Crazy Yiuf


Innate Abilities, Weirdness & Mutations

You can breathe bolts of dispelling energy.
Your rich purple scales are hard. (AC +6)
You cannot fit into any form of body armour.
You are cold-blooded and may be slowed by cold attacks.


Message History

* * * LOW HITPOINT WARNING * * *
The hippogriff pecks you.
* * * LOW HITPOINT WARNING * * *
The hippogriff claws you but does no damage.
Casting: Static Discharge (safe; 11% risk of failure)
Confirm with . or Enter, or press ? or * to list all spells.
The hippogriff is struck by an arc of lightning.
You kill the hippogriff!
Sif Muna accepts your kill.
Your Short Blades skill increases to level 2!
Your Spellcasting skill increases to level 4!
Your Conjurations skill increases to level 3!
Your Air Magic skill increases to level 5!
You have reached level 7!
Your scales start taking on a rich purple colour.
You learn Spellcasting much quicker.
You learn Hexes much quicker.
You learn Charms much quicker.
You learn Evocations quicker.
You can breathe bolts of dispelling energy.
You are struck by an arc of lightning.
You die...

......# ..#.##..#.....#
.<..... ..#.##......#.#
....#.#####.#.##.########
....#.#........#........
....#.#.###..###.#######
.............).#.#
###..........#.#.#######
............<..........#
.##)#...#..##..#@#####.#
.#......#......#.# #.#
.#..#.###.####.#.#####.#
.#........##.....#.....#
.#....###.##.#.#.#.#####
.#..... .......#.#.#
.#.#... ...........#
.#.#.# #######...########
........ ................


There were no monsters in sight!

Vanquished Creatures
  A hippogriff (D:4)
  A centaur (D:2)
  2 scorpions (D:4)
  An orc wizard (D:3)
  An orc priest (D:3)
  2 worker ants (D:4)
  A hound skeleton (D:4)
  Robin (D:2)
  3 gnolls (D:3)
  An adder (D:2)
  2 worms
  2 dart slugs (D:2)
  2 leopard geckos
  5 orcs
  3 ball pythons
  4 giant cockroaches
  20 goblins
  7 hobgoblins
  9 kobolds
  A quokka (D:4)
  7 bats
  4 frilled lizards
  A leopard gecko skeleton (D:4)
  6 rats
87 creatures vanquished.

Notes
Turn   | Place    | Note
-------+----------+-------------------------------------------
     0 | D:1      | KOK29364 the Draconian Air Elementalist began the quest for
                  | the Orb.
     0 | D:1      | Reached XP level 1. HP: 14/14 MP: 3/3
   247 | D:1      | Reached XP level 2. HP: 20/20 MP: 1/5
   579 | D:1      | Learned a level 2 spell: Swiftness
  1184 | D:2      | Reached XP level 3. HP: 15/26 MP: 4/6
  1402 | D:2      | Learned a level 3 spell: Static Discharge
  1550 | D:2      | Noticed a centaur
  1563 | D:2      | Killed a centaur
  1563 | D:2      | Reached skill level 4 in Air Magic
  1563 | D:2      | Reached XP level 4. HP: 5/33 MP: 5/8
  2159 | D:2      | Noticed Robin
  2214 | D:2      | Killed Robin
  2214 | D:2      | Reached XP level 5. HP: 6/38 MP: 1/9
  2311 | D:2      | Reached skill level 1 in Short Blades
  2490 | D:2      | Found a snail-covered altar of Cheibriados.
  2635 | D:2      | Found a deep blue altar of Sif Muna.
  2641 | D:2      | Became a worshipper of Sif Muna the Loreminder
  2674 | D:2      | Found a runed translucent door.
  2675 | D:2      | Noticed Crazy Yiuf
  3671 | D:3      | Found a sacrificial altar of Ru.
  3989 | D:3      | Reached XP level 6. HP: 45/46 MP: 7/10
  4490 | D:4      | Reached * piety under Sif Muna
  4921 | D:4      | Noticed a hippogriff
  4939 | D:4      | HP: 1/46 [hippogriff (4)]
  4940 | D:4      | Killed a hippogriff
  4940 | D:4      | Reached skill level 5 in Air Magic
  4940 | D:4      | Your scales start taking on a rich purple colour.
  4940 | D:4      | Reached XP level 7. HP: 1/51 MP: 1/14
  4940 | D:4      | Killed from afar by themself

Skill      XL: |  1  2  3  4  5  6 |
---------------+-------------------+-----
Dodging        | 2 |  2.8
Stealth        | 2 |  2.5
Conjurations   | 2 3 |  3.2
Air Magic      | 4 5 |  5.1
Short Blades   | 1 2 |  2.0
Spellcasting   | 3 4 |  4.9
Fighting       | |  0.7

Action                   |  1- 3 |  4- 6 |  7- 9 || total
-------------------------+-------+-------+-------++-------
Melee: Short sword       |    33 |    48 |       ||    81
       Tailslap          |     4 |     9 |       ||    13
       Dagger            |       |    41 |       ||    41
 Cast: Shock             |    35 |   123 |       ||   158
       Static Discharge  |       |     4 |       ||     4
  Use: Scroll            |     7 |     5 |       ||    12
       Potion            |       |     1 |       ||     1
  Eat: Ration            |     1 |       |       ||     1
       Chunk             |       |     9 |       ||     9
Armor: Skin              |     9 |    35 |       ||    44
Dodge: Dodged            |    19 |    68 |       ||    87
